Map: World of Sleepers LE

Players

Zest

  • Race: Protoss Protoss
  • League: Master
  • Spawn Location: 7:00

TSGSolar (Solar) - Winner!

  • Race: Zerg Zerg
  • League: Diamond
  • Spawn Location: 1:00

Event: HomeStory Cup XX

VOD

Have the link to the VOD?

Description

Time

  • Played on: Nov. 24, 2019, 10:01 a.m.
  • Length: 10:51

All games in this series

Show
View Real Time Build Order
Export as new Build Order

Zest Protoss 

Build Orders: 1 Gate Expand, Oracle Opening, Archon Immortal, Archon Drop 

Get SALT Encoding   

  12  0:00  Probe  
  13  0:13  Probe  
  14  0:18  Pylon  
  14  0:24  Probe  
  14  0:27  Assimilator  
  15  0:32  Probe  
  15  0:40  Probe  
  16  0:47  Gateway  
  17  0:51  Probe  
  18  1:03  Probe  
  19  1:15  Probe  
  20  1:22  Nexus  
  20  1:33  Cybernetics Core  
  20  1:35  Probe  
  21  1:40  Assimilator  
  21  1:47  Probe  
  22  1:54  Pylon  
  22  1:59  Probe  
  23  2:03  Adept  
  23  2:11  Warp Gate  
  23  2:12  Probe  
  26  2:18  Stargate  
  26  2:24  Probe  
  27  2:31  Probe  
  27  2:33  Stalker  
  27  2:36  Probe  
  31  2:39  Probe  
  32  2:48  Probe  
  32  2:49  Probe  
  33  2:52  Oracle  
  34  3:01  Probe x2  
  39  3:07  Pylon  
  39  3:13  Assimilator, Probe x2  
  39  3:15  Assimilator  
  41  3:20  Oracle  
  41  3:22  Gateway  
  41  3:29  Probe  
  41  3:31  Probe  
  46  3:42  Probe, Robotics Facility  
  46  3:43  Probe  
  48  3:54  Probe, Pylon  
  48  3:55  Probe  
  50  4:03  Twilight Council  
  50  4:07  Probe x2  
  52  4:14  Pylon  
  52  4:19  Gateway  
  52  4:20  Gateway  
  52  4:23  Probe x2  
  54  4:25  Warp Prism  
  54  4:35  Probe x2  
  55  4:42  Templar Archives  
  55  4:52  Zealot  
  57  4:56  Pylon  
  57  4:58  Zealot  
  59  5:06  Probe x2  
  60  5:15  Nexus  
  60  5:16  Pylon  
  60  5:18  High Templar x3, Shield Battery  
  66  5:23  High Templar  
  66  5:24  Archon  
  66  5:26  Immortal  
  66  5:27  Archon  
  68  5:31  Charge  
  72  5:40  Gateway  
  72  5:42  Gateway  
  72  5:52  Immortal  
  72  6:05  Stalker  
  72  6:10  Pylon  
  78  6:15  Pylon  
  78  6:21  Gateway, Forge  
  78  6:25  Pylon  
  78  6:27  Probe x2  
  78  6:31  Pylon  
  80  6:32  Sentry  
  80  6:33  Pylon, Sentry x3  
  80  6:37  Immortal  
  80  6:39  Probe x2  
  90  6:44  Stalker  
  96  6:56  Photon Cannon  
  96  6:58  Probe x3, Photon Cannon  
  99  7:02  Unknown  
  99  7:06  Probe x2  
  99  7:09  Probe  
  99  7:15  Probe  
  102  7:18  Protoss Ground Weapons Level 1, Gateway  
  102  7:19  Gateway  
  103  7:25  Gateway  
  103  7:28  Gateway  
  103  7:30  Zealot, High Templar x4  
  103  7:31  Zealot  
  103  7:34  Pylon  
  103  7:36  Pylon  
  115  7:42  Immortal  
  115  7:44  Pylon  
  115  7:47  Archon x2  
  119  8:00  Zealot x3  
  125  8:14  Zealot x6  
  137  8:22  Zealot x4  
  137  8:23  Zealot  
  135  8:34  Zealot x5  
  135  8:35  Zealot  
  131  8:47  Zealot  
  131  8:48  Zealot x4  
  135  8:56  Zealot x3  
  137  9:09  High Templar x6  
  147  9:10  Zealot x2  
  147  9:14  Archon x2  
  147  9:15  Archon  
  151  9:17  Zealot x3  
  128  9:35  Zealot x2  
  102  9:40  Zealot x3  
  108  9:46  Zealot x2  
  108  9:47  Zealot x3  
  108  9:49  Zealot  
  94  10:02  Immortal  
  84  10:12  High Templar  
  84  10:13  Zealot x7, High Templar x3  
  94  10:20  Archon  
  94  10:21  Archon  
  94  10:34  Zealot x7  
Show
View Real Time Build Order
Export as new Build Order

TSGSolar Zerg - Winner!

Build Orders: Hatch First, Swarm Host 

Get SALT Encoding   

  12  0:01  Drone  
  13  0:12  Overlord  
  13  0:17  Drone  
  14  0:31  Drone x2  
  16  0:49  Hatchery  
  15  0:51  Drone  
  15  0:54  Drone  
  17  0:58  Drone  
  18  1:08  Extractor  
  17  1:13  Spawning Pool  
  17  1:16  Drone  
  17  1:19  Drone  
  18  1:28  Drone  
  19  1:39  Drone  
  20  1:45  Hatchery  
  19  1:50  Drone  
  20  2:00  Queen  
  23  2:01  Zergling x2  
  23  2:04  Drone  
  24  2:11  Drone  
  24  2:14  Overlord  
  25  2:20  Metabolic Boost  
  25  2:28  Queen  
  27  2:31  Drone  
  27  2:36  Zergling x4  
  30  2:39  Drone  
  31  2:44  Queen  
  31  2:48  Drone  
  31  2:50  Drone  
  35  2:55  Drone  
  36  2:58  Queen  
  36  3:03  Overlord  
  37  3:08  Drone x2  
  37  3:10  Drone  
  40  3:13  Drone  
  40  3:18  Drone  
  42  3:21  Queen  
  42  3:26  Overlord  
  44  3:30  Drone x2  
  44  3:32  Spore Crawler  
  45  3:41  Drone x2  
  45  3:42  Drone x3  
  45  3:44  Extractor  
  45  3:47  Drone x2  
  50  3:49  Drone  
  50  3:50  Drone  
  50  3:52  Drone  
  50  3:53  Drone x2  
  55  3:56  Spore Crawler  
  55  3:57  Drone  
  55  3:59  Drone  
  56  4:05  Overlord  
  56  4:06  Drone x2  
  56  4:09  Spore Crawler  
  57  4:11  Drone  
  57  4:14  Overlord  
  58  4:19  Overlord  
  58  4:26  Zergling x14  
  58  4:30  Drone x3  
  65  4:37  Lair  
  65  4:38  Drone x2  
  66  4:42  Drone x2  
  66  4:43  Drone x2  
  71  4:45  Drone  
  71  4:48  Drone x2  
  71  4:52  Extractor, Drone  
  71  4:53  Drone  
  71  4:54  Extractor  
  71  4:57  Roach Warren  
  71  4:59  Overlord  
  70  5:01  Drone  
  70  5:03  Drone x2  
  73  5:10  Drone x3  
  73  5:13  Overlord  
  76  5:15  Drone x3  
  76  5:16  Extractor  
  76  5:17  Extractor  
  76  5:18  Drone  
  76  5:19  Evolution Chamber  
  76  5:20  Overlord  
  76  5:27  Overlord  
  74  5:39  Roach x6  
  74  5:41  Glial Reconstitution  
  86  5:44  Overseer  
  86  5:45  Drone x2  
  86  5:46  Drone  
  86  5:48  Overlord  
  89  5:52  Overlord  
  89  5:54  Overlord  
  89  5:55  Overlord  
  89  5:56  Drone x4  
  89  5:57  Drone  
  92  5:59  Overlord  
  92  6:02  Overlord  
  92  6:05  Extractor  
  92  6:06  Roach  
  92  6:09  Zerg Missile Weapons Level 1  
  92  6:10  Roach, Spine Crawler  
  94  6:16  Roach  
  95  6:23  Roach x2  
  95  6:24  Roach x2  
  95  6:25  Overlord  
  103  6:33  Overlord  
  103  6:37  Drone  
  103  6:39  Infestation Pit  
  104  6:40  Drone  
  104  6:42  Drone  
  104  6:44  Overlord  
  106  6:47  Overlord  
  106  6:50  Zergling x8  
  106  6:53  Overlord  
  110  6:56  Overlord  
  110  7:01  Roach x4  
  118  7:04  Hatchery, Overlord  
  116  7:11  Drone  
  117  7:17  Swarm Host  
  117  7:18  Swarm Host x8  
  143  7:23  Swarm Host x3  
  143  7:25  Swarm Host  
  143  7:29  Swarm Host  
  156  7:30  Swarm Host  
  156  7:34  Overseer  
  159  7:39  Zergling x6  
  159  7:40  Ravager  
  159  7:41  Ravager  
  159  7:43  Zergling x6  
  167  7:46  Overlord  
  167  7:47  Ravager  
  167  7:49  Zergling x10  
  173  7:52  Zergling x6  
  173  7:53  Ravager  
  173  7:58  Roach  
  178  8:02  Overlord  
  178  8:07  Roach x2  
  182  8:13  Roach x2  
  182  8:14  Roach x3  
  182  8:17  Roach x3  
  182  8:18  Ravager  
  182  8:19  Ravager  
  199  8:29  Roach  
  199  8:31  Roach  
  199  8:33  Roach  
  197  8:35  Roach x2  
  197  8:39  Roach  
  197  8:40  Roach  
  200  8:45  Roach  
  199  8:49  Zergling x2  
  199  8:54  Ravager  
  197  8:56  Roach, Ravager  
  197  8:59  Roach x2  
  197  9:02  Roach x4  
  199  9:22  Evolution Chamber, Ravager  
  199  9:24  Evolution Chamber  
  199  9:26  Roach x2  
  199  9:27  Roach x2  
  199  9:29  Roach x4  
  199  9:30  Roach  
  199  9:31  Roach  
  198  9:32  Roach  
  198  9:35  Roach  
  198  9:44  Roach x2  
  198  9:49  Roach  
  194  9:53  Roach x2  
  194  9:57  Roach x9  
  193  10:00  Queen x4  
  193  10:04  Roach  
  187  10:07  Roach x3  
  187  10:08  Ravager x2  
  187  10:09  Roach  
  187  10:10  Ravager  
  187  10:13  Ravager  
  193  10:18  Roach x3  
  199  10:31  Roach  
Tags
 
Add a new tag
Caveats
  • Supply blocks, unpowered buildings, or Contaminate may cause inaccurate times.
  • Supply counts are checked every 10 seconds.